 Dungeon Crawl Stone Soup version 0.19-a0-628-g9200b3b (webtiles) character file.

343 esc the Slasher (level 6, -1/53 HPs)
             Began as a Minotaur Gladiator on June 13, 2016.
             Was a Believer of Lugonu.
             Killed by divine providence
             ... invoked by an orc priest
              (9 damage)
             ... on level 3 of the Dungeon.
             The game lasted 00:07:00 (2018 turns).

esc the Slasher (Minotaur Gladiator)                Turns: 2018, Time: 00:07:01

Health: -1/53      AC:  5    Str: 21    XL:     6   Next: 31%
Magic:  5/5        EV: 13    Int:  5    God:    Lugonu [**....]
Gold:   129        SH:  0    Dex: 13    Spells: 0 memorised, 5 levels left

rFire  . . .     SeeInvis .     a - +1 long sword
rCold  . . .     Gourm    .     n - +0 ring mail
rNeg   . . .     Faith    .     (no shield)
rPois  .         Spirit   .     c - +0 hat
rElec  .         Dismiss  +     (no cloak)
rCorr  .         Reflect  .     (no gloves)
SustAt .         Harm     .     (no boots)
MR     .....                    o - amulet of dismissal
Stlth  +.........               (no ring)
                                u - +2 ring of strength

@: not resistant to hostile enchantments, very unstealthy
A: retaliatory headbutt, horns 2
a: Depart the Abyss, Bend Space, Renounce Religion


You were on level 3 of the Dungeon.
You worshipped Lugonu.
Lugonu was pleased with you.
You were hungry.

You visited 1 branch of the dungeon, and saw 3 of its levels.

You collected 129 gold pieces.

Inventory:

Hand Weapons
 a - a +1 long sword (weapon)
Missiles
 d - 3 throwing nets {=f, !d}
 p - 7 javelins (quivered)
 s - 2 silver tomahawks
 t - 22 stones
 v - 8 needles of confusion
Armour
 b - a +0 leather armour
 c - a +0 hat (worn)
 n - a +0 ring mail (worn)
   (You found it on level 2 of the Dungeon)
Jewellery
 m - an uncursed ring of positive energy {unknown}
   (You found it on level 3 of the Dungeon)
 o - an amulet of dismissal (around neck)
   (You found it on level 2 of the Dungeon)
 u - a +2 ring of strength (left hand)
   (You found it on level 3 of the Dungeon)
Scrolls
 i - a scroll of enchant armour {unknown}
 k - a scroll of remove curse {unknown}
 l - a scroll of enchant weapon
 w - a scroll of identify
Potions
 e - a potion of flight {unknown}
 g - a potion of haste {unknown}
 h - 2 potions of curing
 q - a potion of might
 r - a potion of brilliance {unknown}
Comestibles
 f - 2 bread rations {@e1}
 j - a fruit


   Skills:
 + Level 4.6 Fighting
 + Level 5.6 Long Blades
 - Level 2.0 Throwing
 + Level 3.5 Armour
 + Level 4.4 Dodging


You had 5 spell levels left.
You didn't know any spells.

Dungeon Overview and Level Annotations

Branches:
Dungeon (3/15)

Altars:
Lugonu


Innate Abilities, Weirdness & Mutations

You reflexively headbutt those who attack you in melee.
You have a pair of horns on your head.


Message History

You take 6 damage, and have 43/53 hp.
You hit the orc. You headbutt the orc.
You kill the orc!
Lugonu accepts your kill.
The orc priest looks braver for a moment.
The orc closely misses you. x2
The orc shouts!
The orc priest hits you with a hand axe.
The orc barely misses you. You furiously retaliate!
You headbutt the orc!
You kill the orc!
Lugonu accepts your kill. The orc wizard completely misses you.
Things that are here:
a mace; a leather armour You take 3 damage, and have 40/53 hp.
You closely miss the orc priest. You headbutt the orc priest.
The orc priest hits you with a hand axe.
The orc closely misses you. The orc wizard completely misses you.
An orc comes into view. It is wielding a club.
You take 1 damage, and have 39/53 hp.
You barely miss the orc priest.
The orc shouts!
The orc moves out of view.
The orc wizard casts a spell at you. The magic dart hits you!
The orc priest hits you with a hand axe.
The orc closely misses you.
You take 4 damage, and have 35/53 hp.
The orc priest shouts!
You hit the orc priest. You headbutt the orc priest!
You kill the orc priest!
Lugonu accepts your kill.
The orc wizard hits you but does no damage.
The orc hits you but does no damage.
The orc wizard points at you and mumbles some strange words.
The puff of flame hits you! The orc barely misses you. You furiously retaliate!
You headbutt the orc.
Things that are here:
a ring mail; an orc corpse You take 5 damage, and have 30/53 hp.
The orc priest looks braver for a moment.
You closely miss the orc. The orc wizard closely misses you.
The orc priest casts a cantrip, but nothing happens.
You barely miss the orc wizard. The orc wizard barely misses you.
You furiously retaliate!
You headbutt the orc wizard.
An orc comes into view. It is wielding a whip.
You closely miss the orc wizard.
The orc shouts!
The orc closely misses you. The orc wizard closely misses you.
You closely miss the orc wizard. You headbutt the orc wizard.
The orc wizard hits you but does no damage.
The orc priest calls down the wrath of Beogh upon you.
Beogh smites you! The orc barely misses you.
You take 11 damage, and have 20/53 hp.
MASSIVE DAMAGE!!
You slash the orc wizard! The orc wizard barely misses you.
You furiously retaliate!
You headbutt the orc wizard.
You kill the orc wizard!
Lugonu accepts your kill. The orc hits you with a mace!
* * * LOW HITPOINT WARNING * * *
Your amulet of dismissal vibrates suddenly!
The orc disappears!
The orc reappears nearby!
The orc hits you but does no damage.
You take 8 damage, and have 12/53 hp.
Unknown command.
The orc shouts loudly.
The orc closely misses you.
Okay, then.
Unknown command.
Unknown command.
You are too injured to fight recklessly!
You hit the orc. The orc hits you but does no damage.
Okay, then.
You barely miss the orc. You hit the orc. The orc barely misses you.
You furiously retaliate!
You headbutt the orc.
You kill the orc!
Lugonu accepts your kill.
You hit the orc but do no damage. You headbutt the orc.
You kill the orc!
Lugonu accepts your kill. The orc barely misses you.
You hit the orc priest. Your headbutt misses the orc priest.
The orc priest barely misses you. The orc barely misses you.
You completely miss the orc priest. The orc priest hits you with a flail.
* * * LOW HITPOINT WARNING * * *
Your amulet of dismissal vibrates suddenly!
The orc priest disappears!
The orc hits you with a falchion.
* * * LOW HITPOINT WARNING * * *
You take 7 damage, and have 7/53 hp.
You slash the orc!
You kill the orc!
Lugonu accepts your kill. The orc barely misses you. You furiously retaliate!
You headbutt the orc!
You kill the orc!
Lugonu accepts your kill.
The orc priest mumbles some strange prayers to Beogh against you.
Beogh smites you!
You die...

.(.####..#####.)o.......#####
...####.## ####†##........#####
..###...#######...##...#.....<...
..###.##.........................
......#..#######.......#o.o......
..#..#..##########...........####
..#..÷.###........o#....###.<..#
..#...........#....#....###..#.##
.........#......@.....#...##.....
..............8............#.....
.............8.8....###.##.......
.........)..8)_.8...###..#.......
#.#.####.[#..8.8.......#.........
#....##.))....8...#.##.......##.#
##.#....###$..).....###......#
#....†###...................#
................................


You could see an orc priest.

Vanquished Creatures
  2 orc priests (D:3)
  A centaur skeleton (D:3)
  3 orc wizards (D:3)
  Terence (D:2)
  An iguana (D:2)
  5 adders
  An ooze (D:1)
  3 worms
  2 giant geckos
  9 orcs
  13 bats
  2 giant cockroaches
  6 goblins
  4 hobgoblins
  4 jackals (D:2)
  2 quokkas
  2 ball pythons
  2 giant newts (D:2)
  A kobold (D:3)
  4 rats
68 creatures vanquished.

Notes
Turn   | Place    | Note
--------------------------------------------------------------
     0 | D:1      | esc the Minotaur Gladiator began the quest for the Orb.
     0 | D:1      | Reached XP level 1. HP: 18/18 MP: 0/0
   211 | D:1      | Reached skill level 1 in Armour
   211 | D:1      | Reached XP level 2. HP: 19/25 MP: 1/1
   394 | D:1      | Reached skill level 4 in Long Blades
   730 | D:2      | Noticed Terence
   875 | D:2      | Reached skill level 3 in Fighting
   880 | D:2      | Reached XP level 3. HP: 27/31 MP: 2/2
   953 | D:2      | Killed Terence
  1073 | D:2      | Reached XP level 4. HP: 24/38 MP: 3/3
  1407 | D:2      | Reached skill level 2 in Armour
  1427 | D:2      | Reached skill level 5 in Long Blades
  1570 | D:3      | Found a faded altar of an unknown god.
  1576 | D:3      | Reached XP level 5. HP: 46/46 MP: 4/4
  1601 | D:3      | Became a worshipper of Lugonu the Unformed
  1601 | D:3      | Reached * piety under Lugonu
  1601 | D:3      | Reached ** piety under Lugonu
  1616 | D:3      | Reached skill level 4 in Dodging
  1631 | D:3      | Reached skill level 4 in Fighting
  1643 | D:3      | HP: 10/46 [something (2)]
  1644 | D:3      | Reached skill level 3 in Armour
  1722 | D:3      | HP: 9/46 [orc priest/divine providence (12)]
  1937 | D:3      | Reached XP level 6. HP: 53/53 MP: 5/5
  2005 | D:3      | HP: 12/53 [orc/mace (8)]
  2015 | D:3      | HP: 10/53 [orc priest/flail (4)]
  2018 | D:3      | Killed from afar by an orc priest

Vault maps used:
D:1:      nicolae_arrival_somewhat_less_tricky_arrival, serial_forest,
          infiniplex_forest_end_double, infiniplex_forest_straight_1,
          infiniplex_forest_straight_4, infiniplex_forest_straight_3,
          infiniplex_forest_clump_tiny, infiniplex_forest_diagonal,
          infiniplex_forest_lined_corner, infiniplex_forest_end_3,
          infiniplex_forest_clump_large
D:2:      nicolae_underground_beach, uniq_terence
D:3:      bloody_makhleb, ecumenical_altar_2, okawaru_trees_2

Skill      XL: |  1  2  3  4  5 |
---------------+----------------+-----
Armour         | 1 2 3 |  3.5
Long Blades    | 4 5 |  5.6
Fighting       | 3 4 |  4.6
Dodging        | 4 |  4.4
Throwing       | |  2.0

Action                   |  1- 3 |  4- 6 || total
-------------------------+-------+-------++-------
Melee: Long sword        |    68 |    85 ||   153
       Headbutt          |    14 |    15 ||    29
  Use: Scroll            |     3 |     2 ||     5
       Potion            |       |     2 ||     2
  Eat: Chunk             |     1 |     2 ||     3
Armor: Leather armour    |    13 |       ||    13
       Ring mail         |     5 |    44 ||    49
Dodge: Dodged            |    46 |    84 ||   130

Vault maps used:
D:1:      nicolae_arrival_somewhat_less_tricky_arrival, serial_forest,
          infiniplex_forest_end_double, infiniplex_forest_straight_1,
          infiniplex_forest_straight_4, infiniplex_forest_straight_3,
          infiniplex_forest_clump_tiny, infiniplex_forest_diagonal,
          infiniplex_forest_lined_corner, infiniplex_forest_end_3,
          infiniplex_forest_clump_large
D:2:      nicolae_underground_beach, uniq_terence
D:3:      bloody_makhleb, ecumenical_altar_2, okawaru_trees_2

Table legend:
 A = Turns spent in this place as a percentage of turns spent in the entire game.
 B = Non-inter-level travel turns spent in this place as a percentage of non-inter-level travel turns spent in the entire game.
 C = Inter-level travel turns spent in this place as a percentage of turns spent in this place.
 D = Turns resting spent in this place as a percentage of non-inter-level travel turns spent in this place.
 E = Turns spent auto-exploring this place as a percentage of non-inter-level travel turns spent in this place.
 F = Non-inter-level travel turns spent in this place divided by the number of levels of this place that you've seen.
                   A       B       C       D       E      F
               +-------+-------+-------+-------+-------+----------------------
         Total | 100.0 | 100.0 |   0.6 |   1.7 |   7.7 | 233.3
       Dungeon | 100.0 | 100.0 |   0.6 |   1.7 |   7.7 | 233.3
               +-------+-------+-------+-------+-------+----------------------

Table legend:
 A = Kills in this place as a percentage of kills in entire the game.
 B = Kills by you in this place as a percentage of kills by you in the entire game.
 C = Kills by friends in this place as a percentage of kills by friends in the entire game.
 D = Other kills in this place as a percentage of other kills in the entire game.
 E = Experience gained in this place as a percentage of experience gained in the entire game.
 F = Experience gained in this place divided by the number of levels of this place that you have seen.
                   A       B       C       D       E      F
               +-------+-------+-------+-------+-------+----------------------
         Total | 100.0 | 100.0 |  -nan |  -nan | 100.0 | 163.3
       Dungeon | 100.0 | 100.0 |  -nan |  -nan | 100.0 | 163.3
               +-------+-------+-------+-------+-------+----------------------
